AoeStats
← Barón de la Cerveza

Arabia

509988492Analyzed
1v1 RM · 3d ago on Sep 28, 2026· 43m 24s· 2 players
Game mode
Random Map
Map size
Tiny (2 player)
Population
200
Speed
Normal
Resources
Standard
Victory
Conquest
Starting age
Dark Age
Ending age
Imperial Age
RankedLock teamsTeams togetherTeam positionsShared explorationLock speedFull tech treeHidden civsTurbo modeCheats
Victory
Defeat
🇦🇷 Slavs · Argentina
1947
+12
🇲🇽 Turks · Mexico
1848
-12
Barón de la Cerveza
5:54 Loom
8:17 Feudal Age
12:54 Double-Bit Axe
16:22 Fletching
21:47 Castle Age
20:34 Horse Collar
21:17 Bloodlines
21:00 Gold Mining
21:51 Scale Barding Armor
22:24 Bodkin Arrow
21:57 Crossbowman
30:46 Bow Saw
31:42 Wheelbarrow
38:50 Imperial Age
41:02 Imperial Age
39:59 Husbandry
42:05 Heavy Plow
El_Ti_Rex
8:26 Feudal Age
7:06 Loom
8:58 Double-Bit Axe
14:55 Wheelbarrow
18:12 Castle Age
16:14 Horse Collar
16:41 Gold Mining
17:23 Bloodlines
17:47 Scale Barding Armor
19:08 Bow Saw
20:39 Husbandry
20:51 Forging
25:49 Chain Barding Armor
28:25 Iron Casting
29:43 Coinage
33:35 Hand Cart
33:53 Stone Mining
34:46 Gold Shaft Mining
40:43 Imperial Age
38:16 Fletching
39:05 Bodkin Arrow
40:46 Cavalier
42:20 Plate Barding Armor
43:30 Blast Furnace
41:53 Light Cavalry
43:08 Conscription
Connection lost

Rejoining the realm…

Still unreachable

The connection could not be restored.

Session expired

The server has moved on; the page needs a fresh start.